General information
- name: BNet
- type: Ladder team game (AT/RT)
- host: Battle.net
- saver: iggy_the_fisk
map: Dragonblight
- players: 6
- length: 76:31
- speed: Fast
- version: 1.21 W3XP
- replay type:

» download(651 KB)
Players
team 1 (loser)

»
Arcanis_809 (
orange | 49 APM | 3697 actions | 76:12)
7 Archmage
3 Summon Water Elemental
3 Brilliance Aura
1 Mass Teleport
6 Pandaren Brewmaster
3 Breath of Fire
2 Drunken Haze
1 Storm Earth and Fire
» actions
| Assign group hotkey | 100 | |
| Basic commands | 15 | |
| Build / train | 147 | |
| ESC pressed | 9 | |
| Enter build submenu | 42 | |
| Enter hero's abilities submenu | 13 | |
| Give item / drop item | 4 | |
| Right click | 1861 | |
| Select / deselect | 526 | |
| Select group hotkey | 744 | |
| Use ability | 236 | |
3697 total
» units
| Peasant | 29 | |
| Footman | 5 | |
| Blue Dragon Whelp | 2 | |
| Blue Drake | 3 | |
| Goblin Shredder | 1 | |
| Siege Engine | 3 | |
| Blue Dragon | 4 | |
| Mortar Team | 2 | |
| Goblin Zeppelin | 2 | |
| Flying Machine | 9 | |
| Dragonhawk Rider | 2 | |
| Gryphon Rider | 3 | |
65 total
» upgrades
| Masonry | 3 | |
| Defend | 1 | |
| Lumber Harvesting | 2 | |
| Plating | 3 | |
| Barrage | 1 | |
| Gunpowder | 3 | |
| Animal War Training | 1 | |
| Armor | 3 | |
| Fragmentation Shards | 1 | |
| Flare | 1 | |
| Flak Cannons | 1 | |
| Cloud | 1 | |
| Storm Hammers | 1 | |
| Swords | 2 | |
24 total
» buildings
| Farm | 13 | |
| Altar of Kings | 1 | |
| Barracks | 1 | |
| Lumber Mill | 3 | |
| Scout Tower | 39 | |
| Arcane Tower | 1 | |
| Keep | 1 | |
| Town Hall | 5 | |
| Arcane Vault | 1 | |
| Guard Tower | 29 | |
| Castle | 1 | |
| Blacksmith | 1 | |
| Workshop | 11 | |
| Gryphon Aviary | 8 | |
115 total
» build order
00:21 Farm
00:23 Altar of Kings
00:38 Farm
00:40 Barracks
01:41 Farm
01:46 Lumber Mill
02:06 Scout Tower
02:40 Arcane Tower
03:09 Farm
05:06 Farm
06:26 Keep
06:28 Town Hall
06:43 Arcane Vault
08:41 Scout Tower
08:44 Scout Tower
08:46 Scout Tower
08:47 Scout Tower
08:49 Scout Tower
08:50 Scout Tower
08:52 Scout Tower
08:53 Scout Tower
08:54 Scout Tower
08:56 Scout Tower
08:57 Scout Tower
09:14 Town Hall
09:17 Guard Tower
09:20 Castle
09:25 Scout Tower
09:26 Scout Tower
09:27 Scout Tower
09:29 Scout Tower
09:31 Scout Tower
09:32 Scout Tower
09:33 Scout Tower
09:34 Scout Tower
09:34 Scout Tower
09:36 Scout Tower
09:36 Scout Tower
09:46 Guard Tower
09:52 Blacksmith
10:19 Guard Tower
10:21 Guard Tower
10:21 Guard Tower
10:30 Lumber Mill
10:43 Guard Tower
10:45 Guard Tower
11:28 Guard Tower
11:31 Guard Tower
11:31 Guard Tower
11:34 Workshop
12:03 Guard Tower
12:16 Farm
12:18 Farm
12:19 Farm
12:20 Farm
12:21 Farm
12:23 Farm
12:24 Farm
12:25 Farm
12:33 Guard Tower
12:33 Guard Tower
12:56 Guard Tower
12:57 Guard Tower
13:01 Guard Tower
13:22 Guard Tower
13:26 Guard Tower
13:47 Guard Tower
13:51 Guard Tower
13:52 Guard Tower
13:58 Workshop
14:03 Workshop
14:07 Workshop
15:16 Guard Tower
15:20 Scout Tower
15:21 Scout Tower
15:21 Scout Tower
15:24 Scout Tower
15:24 Scout Tower
15:25 Scout Tower
15:26 Scout Tower
15:26 Scout Tower
15:27 Scout Tower
15:28 Scout Tower
15:28 Scout Tower
15:29 Scout Tower
15:32 Scout Tower
15:33 Scout Tower
15:33 Scout Tower
15:37 Scout Tower
16:38 Guard Tower
17:39 Guard Tower
17:40 Guard Tower
17:43 Guard Tower
17:52 Lumber Mill
18:55 Guard Tower
18:56 Guard Tower
24:30 Workshop
24:32 Workshop
25:24 Workshop
25:25 Workshop
25:27 Workshop
25:28 Workshop
25:30 Workshop
25:42 Gryphon Aviary
25:45 Gryphon Aviary
26:33 Gryphon Aviary
26:36 Gryphon Aviary
27:37 Guard Tower
47:04 Gryphon Aviary
47:06 Gryphon Aviary
47:08 Gryphon Aviary
47:10 Gryphon Aviary
57:51 Town Hall
66:50 Town Hall
67:54 Town Hall
» items
| Scroll of Regeneration | 1 | |
| Orb of Fire | 1 | |
| Potion of Healing | 3 | |
| Potion of Mana | 1 | |
| Staff of Sanctuary | 1 | |
| Scroll of Town Portal | 3 | |
10 total
smurfinaintez (
green | 128 APM | 9736 actions | 76:17)
6 Archmage
3 Summon Water Elemental
2 Brilliance Aura
1 Mass Teleport
2 Mountain King
1 Storm Bolt
1 Bash
» actions
| Assign group hotkey | 230 | |
| Basic commands | 464 | |
| Build / train | 137 | |
| Enter build submenu | 113 | |
| Enter hero's abilities submenu | 8 | |
| Give item / drop item | 1 | |
| Remove unit from queue | 1 | |
| Right click | 3800 | |
| Select / deselect | 1214 | |
| Select group hotkey | 3306 | |
| Use ability | 462 | |
9736 total
» units
| Peasant | 34 | |
| Footman | 9 | |
| Dragonhawk Rider | 29 | |
| Blue Dragon | 1 | |
| Goblin Zeppelin | 1 | |
74 total
» upgrades
| Masonry | 2 | |
| Cloud | 1 | |
| Lumber Harvesting | 1 | |
| Magic Sentry | 1 | |
5 total
» buildings
| Altar of Kings | 1 | |
| Barracks | 1 | |
| Farm | 15 | |
| Scout Tower | 66 | |
| Arcane Tower | 13 | |
| Keep | 2 | |
| Lumber Mill | 1 | |
| Arcane Vault | 2 | |
| Guard Tower | 20 | |
| Castle | 2 | |
| Gryphon Aviary | 6 | |
| Arcane Sanctum | 1 | |
| Town Hall | 4 | |
| Blacksmith | 1 | |
135 total
» build order
00:05 Altar of Kings
00:20 Barracks
00:36 Farm
01:05 Farm
01:31 Scout Tower
01:55 Farm
02:01 Arcane Tower
03:08 Keep
03:49 Lumber Mill
04:07 Scout Tower
04:20 Arcane Vault
04:50 Arcane Tower
06:26 Farm
06:34 Scout Tower
06:36 Scout Tower
06:38 Scout Tower
06:42 Scout Tower
06:57 Scout Tower
07:14 Guard Tower
07:49 Guard Tower
08:14 Arcane Vault
08:32 Scout Tower
08:34 Scout Tower
09:06 Guard Tower
09:10 Scout Tower
09:12 Scout Tower
09:15 Scout Tower
09:45 Scout Tower
09:47 Scout Tower
10:16 Scout Tower
10:18 Scout Tower
10:45 Arcane Tower
10:47 Arcane Tower
11:29 Castle
11:29 Castle
11:38 Scout Tower
11:42 Scout Tower
11:43 Scout Tower
11:48 Scout Tower
11:50 Guard Tower
12:01 Farm
12:38 Arcane Tower
12:41 Guard Tower
12:44 Scout Tower
12:47 Scout Tower
12:49 Scout Tower
12:51 Scout Tower
12:54 Gryphon Aviary
12:57 Gryphon Aviary
13:17 Guard Tower
13:18 Guard Tower
13:19 Arcane Tower
13:20 Guard Tower
14:09 Scout Tower
14:20 Scout Tower
14:22 Scout Tower
14:25 Scout Tower
14:26 Arcane Tower
14:45 Scout Tower
15:14 Farm
15:15 Farm
15:16 Farm
15:39 Scout Tower
15:49 Scout Tower
16:44 Farm
17:23 Farm
19:01 Arcane Sanctum
20:33 Town Hall
20:34 Scout Tower
20:36 Scout Tower
21:04 Scout Tower
21:05 Scout Tower
21:06 Guard Tower
21:14 Blacksmith
21:36 Guard Tower
24:11 Town Hall
24:26 Guard Tower
25:58 Scout Tower
26:01 Scout Tower
26:05 Scout Tower
26:11 Guard Tower
26:18 Scout Tower
26:56 Guard Tower
26:57 Scout Tower
27:20 Scout Tower
27:27 Scout Tower
27:29 Guard Tower
27:31 Guard Tower
27:33 Scout Tower
27:36 Scout Tower
28:25 Scout Tower
28:33 Arcane Tower
28:59 Arcane Tower
29:45 Scout Tower
29:46 Scout Tower
29:59 Farm
30:00 Farm
30:01 Farm
30:08 Gryphon Aviary
30:35 Farm
30:39 Gryphon Aviary
30:58 Arcane Tower
31:00 Scout Tower
31:03 Farm
31:33 Arcane Tower
31:34 Scout Tower
37:53 Town Hall
37:55 Scout Tower
37:57 Scout Tower
38:32 Guard Tower
38:34 Scout Tower
38:41 Scout Tower
38:43 Scout Tower
38:48 Scout Tower
39:05 Guard Tower
39:15 Arcane Tower
39:17 Arcane Tower
39:20 Scout Tower
40:04 Guard Tower
40:05 Scout Tower
40:35 Scout Tower
40:36 Guard Tower
40:40 Scout Tower
42:09 Guard Tower
44:43 Gryphon Aviary
44:50 Scout Tower
44:52 Scout Tower
46:19 Keep
48:09 Scout Tower
48:13 Scout Tower
48:18 Scout Tower
48:20 Scout Tower
48:33 Scout Tower
59:03 Town Hall
60:51 Gryphon Aviary
» items
| Scroll of Regeneration | 4 | |
| Potion of Healing | 1 | |
| Ivory Tower | 3 | |
8 total
Ze.RaTH3 (
teal | 188 APM | 14372 actions | 76:29)
4 Death Knight
2 Death Coil
2 Unholy Aura
3 Pandaren Brewmaster
2 Breath of Fire
1 Drunken Haze
» actions
| Assign group hotkey | 82 | |
| Basic commands | 196 | |
| Build / train | 117 | |
| ESC pressed | 6 | |
| Enter build submenu | 42 | |
| Enter hero's abilities submenu | 7 | |
| Give item / drop item | 4 | |
| Remove unit from queue | 2 | |
| Right click | 6191 | |
| Select / deselect | 2030 | |
| Select group hotkey | 5440 | |
| Use ability | 255 | |
14372 total
» units
| Acolyte | 12 | |
| Ghoul | 5 | |
| Crypt Fiend | 14 | |
| Necromancer | 5 | |
| Meatwagon | 6 | |
| Blue Dragon | 3 | |
| Blue Drake | 4 | |
| Blue Dragon Whelp | 1 | |
50 total
» upgrades
| Creature Attack | 1 | |
| Web | 1 | |
| Unholy Armor | 1 | |
| Skeletal Mastery | 1 | |
| Exhume Corpses | 1 | |
| Unholy Strength | 1 | |
| Skeletal Longevity | 1 | |
| Necromancer Training | 2 | |
| Disease Cloud | 1 | |
10 total
» buildings
| Graveyard | 1 | |
| Crypt | 1 | |
| Ziggurat | 15 | |
| Altar of Darkness | 1 | |
| Tomb of Relics | 3 | |
| Nerubian Tower | 3 | |
| Halls of the Dead | 4 | |
| Black Citadel | 2 | |
| Slaughterhouse | 1 | |
| Temple of the Damned | 1 | |
| Spirit Tower | 4 | |
| Arcane Tower | 5 | |
| Necropolis | 1 | |
42 total
» build order
00:08 Graveyard
00:11 Crypt
00:42 Ziggurat
00:44 Ziggurat
00:57 Altar of Darkness
01:26 Tomb of Relics
02:22 Ziggurat
03:43 Nerubian Tower
03:44 Nerubian Tower
04:05 Halls of the Dead
04:06 Halls of the Dead
04:06 Halls of the Dead
05:56 Ziggurat
08:04 Black Citadel
08:05 Black Citadel
08:07 Slaughterhouse
08:09 Temple of the Damned
08:53 Spirit Tower
10:06 Ziggurat
10:09 Ziggurat
10:38 Arcane Tower
10:40 Arcane Tower
10:40 Arcane Tower
15:10 Necropolis
16:58 Ziggurat
16:59 Ziggurat
17:02 Ziggurat
18:19 Ziggurat
18:20 Ziggurat
18:22 Ziggurat
18:24 Ziggurat
18:27 Tomb of Relics
19:11 Spirit Tower
19:13 Ziggurat
19:15 Nerubian Tower
19:16 Spirit Tower
19:25 Tomb of Relics
20:33 Spirit Tower
20:49 Ziggurat
» items
| Rod of Necromancy | 2 | |
| Potion of Healing | 4 | |
| Scroll of Town Portal | 6 | |
| Scroll of Regeneration | 1 | |
| Ivory Tower | 2 | |
| Potion of Mana | 1 | |
16 total
team 2 (winner)
Iceberg-Slim (
pink | 101 APM | 7751 actions | 76:30)
5 Pandaren Brewmaster
3 Breath of Fire
2 Drunken Haze
5 Keeper of the Grove
3 Entangling Roots
2 Thorns Aura
» actions
| Assign group hotkey | 36 | |
| Basic commands | 152 | |
| Build / train | 83 | |
| ESC pressed | 8 | |
| Enter build submenu | 22 | |
| Enter hero's abilities submenu | 12 | |
| Remove unit from queue | 1 | |
| Right click | 4312 | |
| Select / deselect | 833 | |
| Select group hotkey | 2099 | |
| Use ability | 193 | |
7751 total
» units
| Wisp | 30 | |
| Chimaera | 5 | |
| Hippogryph | 13 | |
48 total
» upgrades
| Ultravision | 1 | |
| Strength of the Wild | 3 | |
| Reinforced Hides | 3 | |
| Well Spring | 1 | |
| Corrosive Breath | 1 | |
| Nature's Blessing | 1 | |
10 total
» buildings
| Altar of Elders | 2 | |
| Moon Well | 9 | |
| Tree of Ages | 1 | |
| Ancient of Wonders | 1 | |
| Ancient of Wind | 3 | |
| Hunter's Hall | 1 | |
| Tree of Life | 1 | |
| Tree of Eternity | 1 | |
| Chimaera Roost | 3 | |
22 total
» build order
00:05 Altar of Elders
00:18 Moon Well
00:49 Moon Well
02:17 Moon Well
05:11 Moon Well
05:38 Tree of Ages
06:20 Moon Well
06:32 Ancient of Wonders
07:19 Moon Well
08:13 Ancient of Wind
08:16 Hunter's Hall
08:56 Tree of Life
09:47 Tree of Eternity
10:01 Moon Well
12:09 Chimaera Roost
12:13 Chimaera Roost
14:13 Moon Well
14:14 Moon Well
15:38 Chimaera Roost
20:13 Ancient of Wind
20:15 Ancient of Wind
57:43 Altar of Elders
» items
| Boots of Speed | 2 | |
| Staff of Teleportation | 2 | |
| Moonstone | 1 | |
| Orb of Venom | 1 | |
| Staff of Sanctuary | 2 | |
| Scroll of Town Portal | 2 | |
10 total
iggy_the_fisk (
yellow | 101 APM | 7748 actions | 76:31)
5 Archmage
3 Blizzard
2 Brilliance Aura
5 Blood Mage
3 Flame Strike
2 Siphon Mana
3 Dark Ranger
2 Silence
1 Life Drain
» actions
| Assign group hotkey | 358 | |
| Basic commands | 22 | |
| Build / train | 158 | |
| Enter build submenu | 107 | |
| Enter hero's abilities submenu | 13 | |
| Give item / drop item | 1 | |
| Right click | 3745 | |
| Select / deselect | 625 | |
| Select group hotkey | 2200 | |
| Use ability | 519 | |
7748 total
» units
| Peasant | 16 | |
| Dragonhawk Rider | 16 | |
32 total
» upgrades
| Masonry | 3 | |
| Lumber Harvesting | 2 | |
| Magic Sentry | 1 | |
| Animal War Training | 1 | |
| Swords | 3 | |
| Armor | 3 | |
| Cloud | 1 | |
14 total
» buildings
| Altar of Kings | 2 | |
| Barracks | 2 | |
| Farm | 14 | |
| Lumber Mill | 1 | |
| Scout Tower | 94 | |
| Arcane Tower | 7 | |
| Arcane Vault | 4 | |
| Guard Tower | 56 | |
| Keep | 4 | |
| Arcane Sanctum | 1 | |
| Castle | 4 | |
| Gryphon Aviary | 1 | |
| Blacksmith | 1 | |
| Town Hall | 1 | |
192 total
» build order
00:19 Altar of Kings
00:31 Barracks
00:39 Farm
00:47 Lumber Mill
00:56 Farm
01:43 Scout Tower
01:49 Scout Tower
02:12 Arcane Tower
02:12 Arcane Tower
02:29 Arcane Tower
02:29 Arcane Tower
02:30 Arcane Tower
02:30 Arcane Tower
02:32 Scout Tower
02:34 Scout Tower
02:35 Scout Tower
02:50 Scout Tower
02:52 Arcane Vault
03:00 Guard Tower
03:01 Guard Tower
03:03 Scout Tower
03:17 Guard Tower
03:17 Guard Tower
03:17 Guard Tower
03:35 Guard Tower
03:36 Scout Tower
03:42 Guard Tower
03:48 Guard Tower
03:48 Guard Tower
03:49 Guard Tower
04:40 Scout Tower
04:43 Scout Tower
04:45 Scout Tower
04:49 Guard Tower
04:49 Guard Tower
04:49 Guard Tower
04:51 Scout Tower
04:53 Scout Tower
04:58 Keep
04:58 Keep
04:58 Keep
05:11 Scout Tower
05:12 Scout Tower
05:14 Guard Tower
05:16 Scout Tower
05:21 Guard Tower
05:21 Guard Tower
05:21 Guard Tower
05:21 Guard Tower
05:33 Guard Tower
05:37 Scout Tower
05:39 Scout Tower
06:22 Guard Tower
06:25 Guard Tower
06:32 Scout Tower
06:34 Scout Tower
06:37 Scout Tower
06:39 Arcane Vault
07:25 Guard Tower
07:51 Scout Tower
07:52 Scout Tower
08:01 Scout Tower
08:03 Scout Tower
08:08 Farm
08:09 Farm
08:12 Arcane Sanctum
08:42 Guard Tower
08:44 Scout Tower
08:56 Guard Tower
08:57 Guard Tower
09:33 Arcane Tower
09:45 Scout Tower
09:47 Guard Tower
09:48 Scout Tower
10:15 Scout Tower
10:24 Guard Tower
10:38 Castle
10:38 Castle
10:38 Castle
10:39 Castle
11:11 Guard Tower
11:14 Scout Tower
11:15 Scout Tower
11:21 Scout Tower
11:22 Scout Tower
11:26 Scout Tower
11:27 Scout Tower
11:28 Scout Tower
11:29 Scout Tower
11:39 Scout Tower
11:40 Scout Tower
11:44 Gryphon Aviary
11:51 Guard Tower
12:18 Scout Tower
12:50 Guard Tower
12:52 Scout Tower
12:54 Scout Tower
12:56 Guard Tower
13:00 Scout Tower
13:11 Barracks
13:27 Guard Tower
14:11 Guard Tower
14:13 Scout Tower
14:14 Scout Tower
14:16 Guard Tower
14:19 Arcane Vault
14:28 Scout Tower
14:28 Scout Tower
14:32 Scout Tower
14:45 Guard Tower
14:48 Scout Tower
15:14 Guard Tower
15:16 Scout Tower
15:19 Scout Tower
15:22 Scout Tower
15:30 Farm
15:31 Farm
15:37 Guard Tower
15:43 Blacksmith
15:54 Guard Tower
16:51 Scout Tower
17:00 Farm
17:21 Guard Tower
18:49 Scout Tower
18:51 Scout Tower
18:54 Scout Tower
18:57 Scout Tower
18:59 Scout Tower
19:02 Scout Tower
19:06 Scout Tower
19:13 Scout Tower
19:26 Guard Tower
19:28 Scout Tower
19:29 Scout Tower
19:31 Guard Tower
19:34 Arcane Vault
19:36 Scout Tower
19:43 Guard Tower
19:52 Scout Tower
19:57 Guard Tower
20:21 Guard Tower
20:24 Scout Tower
20:43 Scout Tower
20:51 Guard Tower
21:29 Scout Tower
22:47 Guard Tower
22:55 Guard Tower
29:08 Scout Tower
29:10 Scout Tower
32:39 Guard Tower
33:21 Town Hall
33:23 Scout Tower
33:23 Scout Tower
33:24 Scout Tower
33:24 Scout Tower
33:26 Scout Tower
33:27 Scout Tower
33:28 Scout Tower
33:28 Scout Tower
33:30 Scout Tower
33:31 Scout Tower
33:32 Scout Tower
33:32 Scout Tower
33:34 Scout Tower
33:35 Scout Tower
33:36 Scout Tower
33:37 Scout Tower
33:37 Scout Tower
33:39 Scout Tower
33:40 Scout Tower
33:41 Scout Tower
33:41 Scout Tower
33:42 Scout Tower
33:43 Scout Tower
34:00 Guard Tower
34:12 Guard Tower
34:25 Guard Tower
34:35 Guard Tower
39:05 Scout Tower
52:09 Altar of Kings
65:00 Farm
65:02 Farm
65:03 Farm
65:05 Farm
65:22 Farm
65:23 Farm
65:24 Farm
» items
| Scroll of Regeneration | 9 | |
| Lesser Clarity Potion | 3 | |
| Staff of Preservation | 1 | |
| Staff of Sanctuary | 2 | |
| Scroll of Town Portal | 5 | |
| Boots of Speed | 2 | |
| Staff of Teleportation | 2 | |
24 total
TIMG4STRok (
purple | 95 APM | 7288 actions | 76:30)
5 Mountain King
3 Storm Bolt
2 Bash
6 Paladin
3 Holy Light
2 Divine Shield
1 Devotion Aura
5 Blood Mage
2 Flame Strike
1 Siphon Mana
2 Banish
» actions
| Assign group hotkey | 13 | |
| Basic commands | 94 | |
| Build / train | 125 | |
| ESC pressed | 4 | |
| Enter build submenu | 77 | |
| Enter hero's abilities submenu | 14 | |
| Give item / drop item | 2 | |
| Right click | 3694 | |
| Select / deselect | 486 | |
| Select group hotkey | 2377 | |
| Use ability | 402 | |
7288 total
» units
| Peasant | 22 | |
| Goblin Zeppelin | 3 | |
| Blue Dragon | 10 | |
| Goblin Shredder | 1 | |
36 total
» upgrades
| Masonry | 3 | |
| Lumber Harvesting | 1 | |
| Magic Sentry | 1 | |
5 total
» buildings
| Altar of Kings | 1 | |
| Lumber Mill | 1 | |
| Farm | 13 | |
| Scout Tower | 90 | |
| Arcane Tower | 1 | |
| Guard Tower | 41 | |
| Keep | 1 | |
| Town Hall | 1 | |
| Arcane Sanctum | 1 | |
| Castle | 1 | |
| Arcane Vault | 3 | |
| Blacksmith | 1 | |
155 total
» build order
00:07 Altar of Kings
00:09 Lumber Mill
00:13 Farm
01:05 Scout Tower
01:21 Farm
01:32 Scout Tower
01:33 Arcane Tower
01:55 Scout Tower
02:00 Guard Tower
02:02 Scout Tower
02:23 Guard Tower
02:25 Scout Tower
02:31 Scout Tower
02:32 Guard Tower
02:54 Guard Tower
03:00 Guard Tower
03:37 Scout Tower
03:39 Scout Tower
04:01 Scout Tower
04:41 Guard Tower
04:42 Scout Tower
04:44 Scout Tower
04:46 Scout Tower
05:12 Guard Tower
05:14 Scout Tower
05:19 Scout Tower
05:20 Guard Tower
05:24 Scout Tower
05:33 Keep
05:43 Scout Tower
05:44 Guard Tower
05:47 Guard Tower
06:19 Guard Tower
06:28 Scout Tower
06:30 Scout Tower
06:31 Guard Tower
06:50 Scout Tower
07:01 Guard Tower
07:05 Scout Tower
07:07 Scout Tower
07:08 Scout Tower
07:27 Guard Tower
07:35 Guard Tower
07:36 Guard Tower
07:39 Scout Tower
07:40 Scout Tower
08:12 Town Hall
08:19 Guard Tower
08:21 Scout Tower
08:21 Scout Tower
08:38 Arcane Sanctum
09:07 Scout Tower
09:07 Scout Tower
09:08 Scout Tower
09:09 Scout Tower
09:10 Scout Tower
09:11 Scout Tower
09:12 Scout Tower
10:21 Guard Tower
10:27 Guard Tower
10:39 Guard Tower
10:41 Scout Tower
10:42 Scout Tower
10:43 Scout Tower
10:43 Scout Tower
10:46 Scout Tower
10:46 Scout Tower
10:47 Scout Tower
11:18 Scout Tower
11:18 Scout Tower
11:19 Scout Tower
11:20 Scout Tower
11:23 Guard Tower
11:30 Scout Tower
11:31 Scout Tower
11:32 Scout Tower
11:32 Scout Tower
11:33 Scout Tower
11:36 Scout Tower
11:45 Guard Tower
11:55 Guard Tower
11:57 Scout Tower
11:58 Scout Tower
11:58 Scout Tower
11:59 Scout Tower
12:04 Scout Tower
12:05 Scout Tower
12:06 Scout Tower
12:06 Scout Tower
12:11 Guard Tower
12:51 Guard Tower
13:15 Scout Tower
13:15 Scout Tower
13:17 Scout Tower
13:20 Scout Tower
13:21 Scout Tower
13:24 Guard Tower
13:29 Scout Tower
13:29 Scout Tower
13:30 Scout Tower
13:31 Scout Tower
13:37 Castle
13:39 Farm
14:12 Guard Tower
14:15 Guard Tower
14:18 Guard Tower
14:21 Guard Tower
14:28 Guard Tower
14:35 Arcane Vault
14:36 Arcane Vault
14:41 Guard Tower
15:23 Guard Tower
15:26 Guard Tower
15:51 Guard Tower
17:54 Scout Tower
17:54 Scout Tower
17:55 Scout Tower
17:56 Scout Tower
17:56 Scout Tower
17:57 Scout Tower
17:58 Scout Tower
17:59 Scout Tower
17:59 Scout Tower
18:00 Scout Tower
18:00 Scout Tower
18:01 Scout Tower
18:02 Scout Tower
18:03 Scout Tower
18:04 Scout Tower
18:28 Guard Tower
20:12 Guard Tower
21:19 Scout Tower
21:20 Scout Tower
21:21 Scout Tower
21:25 Guard Tower
21:29 Blacksmith
21:32 Farm
21:33 Farm
22:58 Guard Tower
23:47 Arcane Vault
23:48 Scout Tower
23:49 Scout Tower
23:50 Scout Tower
24:26 Guard Tower
25:54 Guard Tower
30:09 Farm
30:10 Farm
30:12 Farm
30:13 Farm
30:16 Farm
30:17 Farm
31:11 Farm
31:12 Farm
42:30 Scout Tower
55:56 Scout Tower
» items
| Boots of Speed | 5 | |
| Staff of Teleportation | 3 | |
| Staff of Sanctuary | 3 | |
| Orb of Venom | 3 | |
| Tome of Retraining | 2 | |
16 total
Chat log
(03:14 / All) TIMG4STRok: suck my vårckenstöcken
(17:16 / All) TIMG4STRok: teckenomvandlingstabellar
(28:07 / All) Ze.RaTH3: do u guyz think
(28:43 / All) Ze.RaTH3: do u have fun when u play?
(28:56 / All) iggy_the_fisk: of course
(29:03 / All) iggy_the_fisk: If a game wasn't fun i'd quit right away
(29:08 / All) smurfinaintez: anyone ever tried to tower your tower like this?
(29:17 / All) iggy_the_fisk: yes then we win in approx 10 minutes
(29:27 / All) smurfinaintez: its been like 30
(29:31 / All) iggy_the_fisk: yeah you're not very good
(29:32 / All) TIMG4STRok: huh
(29:35 / All) TIMG4STRok: we already won
(29:38 / All) TIMG4STRok: we just toying with you
(29:42 / All) Arcanis_809: lol
(34:20 / All) Ze.RaTH3: guyz we know human towers r imba
(34:22 / All) Ze.RaTH3: but u dont have
(34:24 / All) Ze.RaTH3: to abuse it
(34:37 / All) Ze.RaTH3: what happens when patch
(34:42 / All) Ze.RaTH3: u guzy will be 30%ers
(34:43 / All) TIMG4STRok: LOL
(34:49 / All) Ze.RaTH3: uiknow
(34:50 / All) Ze.RaTH3: sad
(34:55 / All) TIMG4STRok: sorry retard if anything making towers lowers my %
(35:34 / All) TIMG4STRok: hows upkeep treating you.
(44:15 / All) Ze.RaTH3: u guyz r soo good
(44:19 / All) TIMG4STRok: Ty
(44:19 / All) Iceberg-Slim: bow
(44:41 / All) Ze.RaTH3: to bad theres not tourny formats u can do this in
(44:43 / All) Ze.RaTH3: u know y that is?
(44:51 / All) Iceberg-Slim: it aint easy beatin towers
(44:52 / All) iggy_the_fisk: kapow owned another noob
(44:52 / All) TIMG4STRok: not doing it for tourny noob shit
(44:59 / All) Ze.RaTH3: if we mh
(45:00 / All) Ze.RaTH3: maybe
(45:02 / All) Ze.RaTH3: and saw u were tower
(45:07 / All) Ze.RaTH3: to get aoe heros maybe
(45:08 / All) TIMG4STRok: no sorry you suck shit
(45:13 / All) Ze.RaTH3: kk
(46:41 / All) Iceberg-Slim: by now
(46:44 / All) Iceberg-Slim: you must realize something is amiss
(46:45 / All) Iceberg-Slim: in ur base lmao
(47:06 / All) TIMG4STRok: nice pause retard shit
(47:17 / All) TIMG4STRok: maybe do it when my hero is almost dead instead of 90% hpo
(49:29 / All) iggy_the_fisk: damn u boys noob?
(49:39 / All) Arcanis_809: are you?
(49:54 / All) iggy_the_fisk: nope as you can see by me easily winning another game with excellent micro
(50:03 / All) Arcanis_809: yeah excellent micro
(50:06 / All) TIMG4STRok: ROLF WE DIDNT JUST LOSE A gåme
(50:06 / All) Iceberg-Slim: skill solves
(50:07 / All) Arcanis_809: im done talking to you niggers
(50:09 / All) Iceberg-Slim: SKILL SOLVES
(50:15 / All) Arcanis_809: cuz your just trying to piss us off
(50:19 / All) smurfinaintez: 1v1?
(50:22 / All) TIMG4STRok: *golf clap*
(50:23 / All) iggy_the_fisk: 1v1 bitch?
(50:24 / All) Iceberg-Slim: you lost this game
(50:28 / All) iggy_the_fisk: bitchshit 1v1?
(50:29 / All) Iceberg-Slim: you should bow and exit gracefully
(50:32 / All) iggy_the_fisk: solo any of u
(50:35 / All) iggy_the_fisk: all3 at the same time
(50:38 / All) Iceberg-Slim: seriously
(50:40 / All) Iceberg-Slim: save face
(50:49 / All) TIMG4STRok: my töes***
(53:01 / All) iggy_the_fisk: another noob move by team shit
(53:05 / All) iggy_the_fisk: thanks for sealing your fate
(53:12 / All) Ze.RaTH3: u forgot to allie chat
(53:13 / All) Ze.RaTH3: man
(57:04 / All) TIMG4STRok: one sec
(57:07 / All) TIMG4STRok: stop
(57:09 / All) Ze.RaTH3: more
(57:10 / All) TIMG4STRok: no stop
(57:14 / All) iggy_the_fisk: pizza
(57:16 / All) Ze.RaTH3: learn manners
(57:18 / All) iggy_the_fisk: manner please
(57:20 / All) iggy_the_fisk: pizza guy here
(57:26 / All) TIMG4STRok: Stop it
(57:36 / All) Ze.RaTH3: fuckin nubs
(60:11 / All) iggy_the_fisk: holy balls noobs
(60:55 / All) Ze.RaTH3: play dota guyz
(60:56 / All) Ze.RaTH3: for real
(61:02 / All) TIMG4STRok: lose ladder games LOL
(64:24 / All) iggy_the_fisk: NOOOOBS
(75:02 / All) TIMG4STRok: huh
(75:36 / All) Ze.RaTH3: greens loc.soul
(75:57 / All) Ze.RaTH3: man u guyz hack too
(75:58 / All) Arcanis_809: how the fuck did you find that
(76:00 / All) Ze.RaTH3: thats fuckin sad
(76:03 / All) TIMG4STRok: LMAO
(76:03 / All) iggy_the_fisk: lmfao owned noobs
(76:06 / All) Arcanis_809: w/e
(76:10 / All) TIMG4STRok: you were going to hide shit
(76:10 / All) Ze.RaTH3: yeah 'owned
(76:11 / All) Arcanis_809: waste of time nerds
(76:12 / All) smurfinaintez: like i said ill 1v1 any of U
(76:15 / All) TIMG4STRok: with that zeppelin and worker
(76:17 / All) smurfinaintez: gg shitly played
(76:19 / All) TIMG4STRok: so i reveal top right
(76:21 / All) iggy_the_fisk: like i said i'll1 v1 all of uu
(76:22 / All) TIMG4STRok: cry little noobies lOL
(76:23 / All) iggy_the_fisk: at the same time
(76:25 / All) Iceberg-Slim: bow....
(76:27 / All) TIMG4STRok: what channel
(76:29 / All) iggy_the_fisk: i have 3 computers